 Dungeon Crawl Stone Soup version 0.28.0-53-g5a82cb258f (webtiles) character file.

Game seed: 13248899667700368617

21 Tiocfaidh the Vandal (level 2, -1/14 HPs)
             Began as a Spriggan Hunter on Aug 7, 2022.
             Succumbed to an adder's poison
             ... on level 2 of the Dungeon.
             The game lasted 00:08:38 (967 turns).

Tiocfaidh the Vandal (Spriggan Hunter)               Turns: 967, Time: 00:08:38

Health: -1/14      AC:  2    Str:  8    XL:     2   Next: 62%
Magic:  3/3        EV: 17    Int: 12    God:
Gold:   51         SH:  0    Dex: 15    Spells: 1/1 levels left

rFire   + . .      SeeInvis +   a - +1 hunting sling
rCold   + + .      Faith    .   (no shield)
rNeg    . . .      Spirit   .   c - +0 robe
rPois   +          Reflect  .   (helmet restricted)
rElec   +          Harm     .   (no cloak)
rCorr   +          Rampage  .   (gloves unavailable)
Will    .....                   (boots unavailable)
Stlth   ++........              (no amulet)
HPRegen 0.04/turn               j - ring of protection from cold
MPRegen 0.08/turn               (no ring)

@: lethally poisoned (-1 -> -12), resistant, very quick
A: very small, no large weapons, unfitting armour, see invisible, speed 3
a: no special abilities


You were on level 2 of the Dungeon.
You visited 1 branch of the dungeon, and saw 2 of its levels.

You collected 51 gold pieces.

Inventory:

Hand Weapons
 a - a +1 hunting sling (weapon)
 b - a +0 short sword
Missiles
 d - 8 sling bullets (quivered ammo)
 f - 65 stones
 i - 6 poisoned darts
Armour
 c - a +0 robe (worn)
Jewellery
 j - a ring of protection from cold (left hand)
Scrolls
 e - a scroll of holy word {unknown}
 h - 3 scrolls of identify {unknown}
 k - a scroll of teleportation {unknown}


   Skills:
 + Level 1.6 Fighting
 + Level 5.7 Slings
 + Level 2.8 Dodging
 + Level 1.5 Stealth


You had one spell level left.
You didn't know any spells.
Your spell library contained the following spells:

 Spells                   Type           Power      Damage    Failure   Level
 Magic Dart               Conj           0%         1d3       32%         1
 Searing Ray              Conj           0%         2d4       45%         2
 Fulminant Prism          Conj/Hex       0%         3d6       97%         4


Dungeon Overview and Level Annotations

Branches:
Dungeon (2/15)

Altars:


Innate Abilities, Weirdness & Mutations

You are very small and have problems with some larger weapons.
You are too small for most types of armour.
You have supernaturally acute eyesight. (SInv)
You cover ground extremely quickly. (Speed+++)


Message History

The adder hisses angrily.
Fire: 13 sling bullets
Press: ? - help, Q - select action, (/) - cycle Shift-Dir - straight line, f - adder
Aim: an adder (44% to hit)
You shoot a sling bullet. The sling bullet misses the adder.
The adder bites you.
Unknown command.
Fire: 12 sling bullets
Press: ? - help, Q - select action, (/) - cycle Shift-Dir - straight line, f/p - adder
Aim: an adder (44% to hit)
You shoot a sling bullet.
The sling bullet closely misses the adder.
The adder barely misses you. The adder completely misses you.
Fire: 11 sling bullets
Press: ? - help, Q - select action, (/) - cycle Shift-Dir - straight line, f/p - adder
Aim: an adder (44% to hit)
You shoot a sling bullet. The sling bullet hits the adder.
The adder is heavily wounded.
The adder bites you.
You are poisoned.
The adder poisons you!
Fire: 10 sling bullets
Press: ? - help, Q - select action, (/) - cycle Shift-Dir - straight line, f/p - adder
Aim: an adder (heavily wounded, 44% to hit)
You shoot a sling bullet. The sling bullet hits the adder.
The adder is heavily wounded.
You feel sick. The adder bites you.
* * * LOW HITPOINT WARNING * * *
You are more poisoned.
The adder poisons you!
Fire: 9 sling bullets
Press: ? - help, Q - select action, (/) - cycle Shift-Dir - straight line, f/p - adder
Aim: an adder (heavily wounded, 44% to hit)
You shoot a sling bullet. The sling bullet hits the adder.
The adder is severely wounded.
* * * LOW HITPOINT WARNING * * *
You feel sick. The adder barely misses you.
It was a potion of resistance.
You feel protected.
You die...

### # # ###
####### # #.. #
#...... #.#.#.#
#......
###(#.#.#
#......
#...S...#
#......
#.#####@###.###
#......
#.............#
#......
.######.####...#
#......
...............#
#...... ..
.######.######.#
#...... ... #.#
#.# #......
....######.#
#.####......
...........#
#.........#.
...##....##
#...........


You could see an adder.

Vanquished Creatures
  A dart slug (D:1)
  3 ball pythons (D:1)
  4 bats (D:1)
  An endoplasm (D:1)
  A giant cockroach (D:1)
  3 goblins (D:1)
  2 hobgoblins (D:1)
  A frilled lizard (D:1)
  A rat (D:1)
17 creatures vanquished.

Notes
Turn   | Place    | Note
-------+----------+-------------------------------------------
     0 | D:1      | Tiocfaidh the Spriggan Hunter began the quest for the Orb.
     0 | D:1      | Reached XP level 1. HP: 10/10 MP: 2/2
    42 | D:1      | Reached skill level 5 in Slings
   312 | D:1      | Reached XP level 2. HP: 11/14 MP: 3/3
   967 | D:2      | Succumbed to an adder's poison

Illustrated notes

Levels and vault maps discovered:
D:1:      dpeg_arrival_shelter, layout_loops_corners, minmay_crystal_room
D:2:      layout_basic, hellmonk_ecumenical_altar_slurped_away

Skill      XL: |  1 |
---------------+----+-----
Slings         | 5 |  5.7
Fighting       | |  1.6
Dodging        | |  2.8
Stealth        | |  1.5

Action                   || total
-------------------------++-------
 Fire: Hunting sling     ||    54
  Use: Potion            ||     1
Armor: Robe              ||     1
Dodge: Dodged            ||    21
